 Dungeon Crawl Stone Soup version 0.23.2-30-g0e89c35649 (webtiles) character file.

Game seed: 10441467576552817859

2118 alrianne the Carver (level 9, -3/71 HPs)
             Began as a Demonspawn Berserker on June 13, 2019.
             Was a Priest of Trog.
             Slain by a troll (8 damage)
             ... on level 9 of the Dungeon.
             The game lasted 00:24:26 (4934 turns).

alrianne the Carver (Demonspawn Berserker)          Turns: 4934, Time: 00:24:26

Health: -3/71      AC: 18    Str: 20    XL:     9   Next: 8%
Magic:  9/9        EV:  7    Int:  9    God:    Trog [***...]
Gold:   359        SH:  0    Dex: 13    Spells: 8/8 levels left

rFire    . . .     SeeInvis .   a - +1 falchion
rCold    . . .     Gourm    .   (no shield)
rNeg     . . .     Faith    .   i - +3 plate armour
rPois    .         Spirit   .   (no helmet)
rElec    .         Reflect  .   f - +0 cloak {+Inv}
rCorr    .         Harm     .   u - +0 pair of gloves
MR       +....                  (no boots)
Stlth    ..........             (no amulet)
HPRegen  0.21/turn              n - ring of protection from magic
MPRegen  0.11/turn              (no ring)

@: no status effects
A: hooves 2, powered by death 1, powered by pain 1
a: Berserk, Trog's Hand, Renounce Religion, Evoke Invisibility


You were on level 9 of the Dungeon.
You worshipped Trog.
Trog was most pleased with you.
You were very hungry.

You visited 1 branch of the dungeon, and saw 7 of its levels.

You collected 359 gold pieces.

Inventory:

Hand Weapons
 a - a +1 falchion (weapon)
Armour
 f - a +0 cloak of invisibility (worn)
 i - a +3 plate armour (worn)
 u - a +0 pair of gloves (worn)
Jewellery
 n - a ring of protection from magic (left hand)
Wands
 t - a wand of flame (19)
 v - a wand of polymorph (3)
Scrolls
 d - 7 scrolls of remove curse
 e - 3 scrolls of immolation
 g - a scroll of enchant armour
 h - 2 scrolls of enchant weapon
 p - a scroll of fear
 s - a scroll of blinking {unknown}
Potions
 b - 3 potions of curing {unknown}
 j - 3 potions of flight {unknown}
 k - a potion of brilliance {unknown}
 m - 3 potions of heal wounds {unknown}
 o - a potion of berserk rage {unknown}
 q - a potion of ambrosia {unknown}
 r - a potion of magic {unknown}
Comestibles
 c - 8 rations


   Skills:
 + Level 6.6 Fighting
 + Level 8.0 Long Blades
 + Level 5.5 Armour
 + Level 2.8 Dodging
 + Level 0.8 Stealth


You had 8 spell levels left.
You didn't know any spells.
Your spell library was empty.

Dungeon Overview and Level Annotations

Branches:
Dungeon (6/15)                Orc (0/2) D:9
 Temple: D:4-7

Altars:
Nemelex Xobeh
Okawaru
Ru
Yredelemnul
The Shining One

Shops:
D:5 (


Innate Abilities, Weirdness & Mutations

You have hoof-like feet.
You regenerate a little health from kills.
You sometimes gain a little power by taking damage.


Message History

The troll claws you.
* * * LOW HITPOINT WARNING * * *
You see here an iguana corpse.
There is an open door here.
You are feeling very hungry.
You hit the troll.
The troll is lightly wounded.
The troll bites you but does no damage. The troll barely misses you.
The troll claws you but does no damage.
Your plate armour prevents you from hitting the troll.
You kick the troll.
The troll is lightly wounded.
The troll bites you but does no damage. The troll claws you but does no damage.
The troll claws you.
* * * LOW HITPOINT WARNING * * *
The troll bites you.
* * * LOW HITPOINT WARNING * * *
The troll claws you but does no damage. x2
The troll bites you!
You die...

.. .......# .$.
......# #...
######.....#
#...##...##....#
.........##....##
....>...........#
................#
........T.......#
#...##.@.##....##
#.>.##...##....##
#........#......#
#........#......#
#......†.#.†....#
#.<......#......##
#......†.#.......#
#......)('......>#
#........#......##


You could see a troll.

Vanquished Creatures
  Pikel (D:6)
  A wyvern (D:9)
  A water moccasin (D:5)
  An ice beast (D:6)
  A phantom (D:9)
  3 slaves (D:6)
  2 ogres (D:4)
  A centaur (D:5)
  A big kobold (D:9)
  4 bullfrogs (D:6)
  2 howler monkeys (D:5)
  A crimson imp (D:5)
  A bullfrog zombie (D:5)
  2 hounds
  A jelly (D:4)
  2 orc wizards
  3 orc priests
  Crazy Yiuf (D:2)
  2 iguanas
  2 worker ants
  9 adders
  A shadow imp (D:6)
  An adder skeleton (D:5)
  5 worms
  5 dart slugs
  6 leopard geckos
  9 orcs
  2 ball pythons
  4 bats
  A giant cockroach (D:3)
  5 goblins
  5 hobgoblins
  5 jackals
  4 quokkas
  3 frilled lizards
  9 kobolds
  A leopard gecko skeleton (D:9)
  A quokka skeleton (D:6)
  6 rats
115 creatures vanquished.

Notes
Turn   | Place    | Note
-------+----------+-------------------------------------------
     0 | D:1      | alrianne the Demonspawn Berserker began the quest for the
                  | Orb.
     0 | D:1      | Reached XP level 1. HP: 18/18 MP: 1/1
    87 | D:1      | Gained mutation: You regenerate a little health from kills.
                  | [demonic ancestry]
    87 | D:1      | Reached XP level 2. HP: 7/24 MP: 2/2
   313 | D:1      | Reached skill level 3 in Long Blades
  1117 | D:2      | Gained mutation: You have large cloven feet. [demonic
                  | ancestry]
  1117 | D:2      | Reached XP level 3. HP: 23/29 MP: 3/3
  1232 | D:2      | Found a runed translucent door.
  1233 | D:2      | Noticed Crazy Yiuf
  1242 | D:2      | Killed Crazy Yiuf
  1242 | D:2      | Reached ** piety under Trog
  1242 | D:2      | Reached XP level 4. HP: 4/37 MP: 4/4
  1873 | D:2      | Found a sacrificial altar of Ru.
  2455 | D:3      | Found a basalt altar of Yredelemnul.
  2728 | D:3      | Reached XP level 5. HP: 42/42 MP: 5/5
  2938 | D:4      | Found an iron altar of Okawaru.
  3009 | D:4      | Reached skill level 4 in Long Blades
  3048 | D:4      | Noticed an ogre
  3063 | D:4      | Killed an ogre
  3079 | D:4      | Noticed an ogre
  3088 | D:4      | Killed an ogre
  3088 | D:4      | Gained mutation: You have hoof-like feet. [demonic
                  | ancestry]
  3088 | D:4      | Reached XP level 6. HP: 34/48 MP: 6/6
  3174 | D:4      | Found a glowing golden altar of the Shining One.
  3558 | D:5      | Entered Level 5 of the Dungeon
  3581 | D:5      | Reached skill level 5 in Long Blades
  3590 | D:5      | Reached XP level 7. HP: 23/55 MP: 7/7
  3761 | D:5      | Found Asea's Antique Weapon Shoppe.
  3799 | D:5      | Reached skill level 6 in Long Blades
  3863 | D:5      | Reached *** piety under Trog
  3985 | D:5      | Found a sparkling altar of Nemelex Xobeh.
  4127 | D:6      | Reached skill level 5 in Fighting
  4170 | D:6      | Gained mutation: You sometimes gain a little power by
                  | taking damage. [demonic ancestry]
  4170 | D:6      | Reached XP level 8. HP: 59/62 MP: 8/8
  4233 | D:6      | Noticed Pikel
  4309 | D:6      | Killed Pikel
  4309 | D:6      | Reached skill level 7 in Long Blades
  4573 | D:6      | Reached skill level 5 in Armour
  4712 | D:6      | You fall through a shaft for 3 floors!
  4714 | D:9      | Found a staircase to the Orcish Mines.
  4746 | D:9      | Noticed a troll
  4842 | D:9      | Reached skill level 8 in Long Blades
  4842 | D:9      | Reached XP level 9. HP: 9/71 MP: 9/9
  4934 | D:9      | Slain by a troll

Skill      XL: |  1  2  3  4  5  6  7  8 |
---------------+-------------------------+-----
Long Blades    | 3 4 5 6 8 |  8.0
Armour         | 2 3 4 5 |  5.5
Dodging        | 2 |  2.8
Fighting       | 4 5 6 |  6.6
Stealth        | |  0.8

Action                   |  1- 3 |  4- 6 |  7- 9 || total
-------------------------+-------+-------+-------++-------
Melee: Falchion          |    79 |   197 |   249 ||   525
       Kick              |    12 |    63 |    85 ||   160
  Use: Scroll            |     6 |     3 |     2 ||    11
  Eat: Ration            |     1 |     1 |       ||     2
       Chunk             |       |     2 |     4 ||     6
Armor: Animal skin       |     3 |       |       ||     3
       Plate armour      |    43 |   146 |   225 ||   414
Dodge: Dodged            |    31 |    67 |   115 ||   213
       Rpst.: Falchion   |    14 |    21 |    38 ||    73
